 Dungeon Crawl Stone Soup version 0.32-a0-931-g5a2cda0630 (webtiles) character file.

Game seed: 12137897000257381381

916 smashvw the Cleaver (level 7, -7/61 HPs)
             Began as a Minotaur Chaos Knight on Apr 14, 2024.
             Was a Plaything of Xom.
             Mangled by Menkaure (15 damage)
             ... on level 4 of the Dungeon.
             The game lasted 00:07:13 (2978 turns).

smashvw the Cleaver (Minotaur Chaos Knight)         Turns: 2978, Time: 00:07:14

Health: -7/61      AC:  7    Str: 18    XL:     7   Next: 83%
Magic:  6/6        EV: 10    Int: 15    God:    Xom [.....*]
Gold:   191        SH:  0    Dex: 10    Spells: 6/6 levels left

rFire   . . .        a - +0 hand axe (chaos)
rCold   . . .        g - orb {mayhem}
rNeg    . . .        b - +2 leather armour
rPois   .            (helmet restricted)
rElec   .            (no cloak)
rCorr   .            z - +1 pair of gloves
SInv    .            (no boots)
Will    .....        (no amulet)
Stlth   +            i - +6 ring of intelligence
HPRegen 0.30/turn    (no ring)
MPRegen 0.10/turn

%: mayhem
@: no status effects
A: horns 2, retaliatory headbutt
a: Renounce Religion


You were on level 4 of the Dungeon.
You worshipped Xom.
You were Xom's teddy bear.
You visited 1 branch of the dungeon, and saw 4 of its levels.
You also visited: Sewer.

You collected 191 gold pieces.

Inventory:

Hand Weapons
 a - a +0 hand axe of chaos (weapon)
 v - the +5 rapier "Qonti" {chaos, Str+5}
   (You found it on level 3 of the Dungeon)

   Str+5:     It affects your strength (+5).
Missiles
 e - 5 poisoned darts (quivered)
 y - 2 throwing nets
Armour
 b - a +2 leather armour (worn)
 g - an orb of mayhem (worn)
 u - a +0 troll leather armour {Pargi}
 z - a +1 pair of gloves (worn)
Jewellery
 h - an amulet of magic regeneration
 i - a +6 ring of intelligence (left hand)
Scrolls
 d - 3 scrolls of amnesia {unknown}
 j - a scroll of immolation {unknown}
 k - 6 scrolls of identify {unknown}
 l - 3 scrolls of vulnerability {unknown}
 n - 2 scrolls of fog {unknown}
 p - a scroll of enchant armour {unknown}
 r - 2 scrolls of brand weapon {unknown}
 s - 2 scrolls of fear {unknown}
 w - a scroll of teleportation {unknown}
 x - a scroll of revelation {unknown}
Potions
 f - 2 potions of brilliance
 o - a potion of curing
 q - a potion of invisibility {unknown}
 t - 3 potions of magic {unknown}


   Skills:
 - Level 5.0 Fighting
 + Level 10.8 Axes
 - Level 2.4 Armour
 - Level 1.1 Dodging


You had 6 spell levels left.
You didn't know any spells.
Your spell library contained the following spells:

 Spells                   Type           Power      Damage    Failure   Level
 Scorch                   Fire           0%         2d5       43%         2
 Flame Wave               Conj/Fire      0%         2d4       97%         4
 Summon Cactus Giant      Summ           0%         N/A       100%        6


Dungeon Overview and Level Annotations

Branches:
Dungeon (4/15)              Sewer (visited)
 Temple: D:4-7

Altars:

Annotations:
D:4 Menkaure


Innate Abilities, Weirdness & Mutations

You have a pair of horns on your head.
You reflexively headbutt those who attack you in melee.


Message History

Menkaure points at you and mumbles some strange words.
Pain shoots through your body! The adder closely misses you.
You closely miss the adder.
The adder is heavily wounded.
Menkaure calls on the powers of darkness!
Your body is wracked with pain!
The adder convulses!
The adder closely misses you.
You are too injured to fight recklessly!
You are too injured to fight recklessly!
A sky beast comes into view.
You closely miss the adder. Your headbutt misses the adder.
The adder is severely wounded.
The adder closely misses you.
You barely miss the adder.
The adder is severely wounded.
The adder barely misses you. You furiously retaliate!
You headbutt the adder!
You kill the adder!
The sky beast hits you. The sky beast shocks you.
You see here an adder corpse.
You barely miss Menkaure. You hit the sky beast but do no damage.
Menkaure hits you!
* * * LOW HITPOINT WARNING * * *
The sky beast hits you.
* * * LOW HITPOINT WARNING * * *
The sky beast shocks you.
* * * LOW HITPOINT WARNING * * *
You barely miss Menkaure.
You headbutt Menkaure, but do no damage.
You barely miss the sky beast. Menkaure barely misses you.
You furiously retaliate!
You headbutt Menkaure. You barely miss Menkaure.
Menkaure is lightly damaged.
You closely miss the sky beast.
The sky beast flickers out of sight!
Deactivating autopickup; reactivate with Ctrl-A.
Something hits you but does no damage.
You hit Menkaure.
Menkaure is moderately damaged.
You miss something. Something completely misses you. Menkaure hits you!
You die...
Xom cackles wildly!

.######..######.)####### ,
....##......##......##.# *
....##......##......##.# *
...#..#....#..#)...#..## **
...#..#....#..#....#..# *,
, .######..######..###### *
*, #..# ###..# ###..# #..#
###..# ###..# *,,<
.######..######.@####*** *,
....##......##..M{..#*,* *
* *,,,
....##......##.....[# ,
,,,, ,,,
...#..#....#..#....#..#,,,,
,,,
...#..#....#..#....#,.#,,,
, , , .######..####
#..###**#,,,,,,,, #..#
###., ###. * *,, , , , #..#
***.. **.,* *,,,, , ,,,
.###* *,,### ,,# * *,, , ,,


You could see Menkaure.

Vanquished Creatures
  Duvessa (D:4)
  Pargi (Sewer)
  2 lemures (D:4)
  A brain worm (Sewer)
  A jelly (D:2)
  4 adders
  2 dart slugs (D:1)
  2 ribbon worms
  9 orcs (D:3)
  10 ball pythons
  3 endoplasms (D:1)
  2 giant cockroaches
  8 goblins
  3 hobgoblins
  2 quokkas
  A bat (D:1)
  8 frilled lizards
  5 kobolds
  5 rats
70 creatures vanquished.

Vanquished Creatures (collateral kills)
  Pikel (D:4)
  Dowan (D:4)
2 creatures vanquished.

Grand Total: 72 creatures vanquished

Notes
Turn   | Place    | Note
-------+----------+-------------------------------------------
     0 | D:1      | smashvw the Minotaur Chaos Knight began the quest for the
                  | Orb.
     0 | D:1      | Reached XP level 1. HP: 19/19 MP: 0/0
    59 | D:1      | XOM: potion effect (might)
   130 | D:1      | You fall into a shaft and drop 1 floor!
   137 | D:2      | XOM: smoke on damage
   162 | D:2      | Reached skill level 4 in Axes
   162 | D:2      | Reached XP level 2. HP: 27/27 MP: 1/1
   432 | D:1      | XOM: silly message
   544 | D:1      | Reached XP level 3. HP: 34/34 MP: 2/2
   563 | D:1      | XOM: 1-stop teleportation journey
   965 | D:2      | XOM: enchant monster (bad)
   972 | D:2      | Reached skill level 5 in Axes
   972 | D:2      | Reached XP level 4. HP: 28/41 MP: 3/3
  1057 | D:2      | Reached skill level 5 in Fighting
  1473 | D:2      | XOM: cloud trail
  1594 | D:3      | Found a glowing drain.
  1628 | Sewer    | Entered a sewer
  1628 | Sewer    | Noticed a brain worm
  1632 | Sewer    | Killed a brain worm
  1633 | Sewer    | Reached skill level 6 in Axes
  1633 | Sewer    | Reached XP level 5. HP: 42/48 MP: 4/4
  1728 | Sewer    | Noticed Pargi
  1741 | Sewer    | Killed Pargi
  1742 | Sewer    | Reached skill level 7 in Axes
  1928 | D:3      | XOM: silly message
  1960 | D:3      | Reached XP level 6. HP: 53/56 MP: 5/5
  1964 | D:3      | Identified the +5 rapier "Qonti" {chaos, Str+5}
  2146 | D:3      | XOM: silly message
  2555 | D:4      | Noticed Duvessa
  2555 | D:4      | Noticed Dowan
  2562 | D:4      | XOM: cleaving
  2564 | D:4      | XOM: divination: magic mapping
  2571 | D:4      | Killed Duvessa
  2572 | D:4      | Reached skill level 8 in Axes
  2575 | D:4      | XOM: butterfly on damage
  2576 | D:4      | Killed Dowan
  2727 | D:4      | Noticed Pikel
  2762 | D:4      | Killed Pikel
  2763 | D:4      | Reached skill level 10 in Axes
  2763 | D:4      | Reached XP level 7. HP: 18/61 MP: 6/6
  2967 | D:4      | Noticed Menkaure
  2978 | D:4      | Mangled by Menkaure

Illustrated notes

Levels and vault maps discovered:
D:1:      lemuel_arrival_broad_hall, layout_loops_corners, glass_columns_c
D:2:      layout_loops_ring
D:3:      layout_loops_ring, cheibrodos_sewer_entry_drain
D:4:      layout_basic, nicolae_houndstooth_variations, uniq_menkaure,
          uniq_pikel, uniq_robin, uniq_duvessa

Skill      XL: |  1  2  3  4  5  6 |
---------------+-------------------+-----
Fighting       | 4 5 |  5.0
Axes           | 4 5 6 7 10 | 10.8
Armour         | |  2.4
Dodging        | |  1.1

Action                     |  1- 3 |  4- 6 |  7- 9 || total
---------------------------+-------+-------+-------++-------
  Melee: Hand axe          |    53 |   120 |     7 ||   180
         Headbutt          |     8 |    16 |     1 ||    25
    Use: Potion            |       |     3 |       ||     3
         Scroll            |       |     1 |       ||     1
   Stab: Confused          |       |     1 |       ||     1
 Armour: Leather armour    |    33 |    90 |     5 ||   128
  Dodge: Dodged            |    32 |    69 |     7 ||   108

Table legend: (Time is in decaauts)
 A = Elapsed time spent in this place.
 B = Non-inter-level travel time spent in this place.
 C = Inter-level travel time spent in this place.
 D = Time resting spent in this place.
 E = Time spent auto-exploring this place.
 F = Levels seen in this place.
 G = Mean time per level.
                   A        B        C        D        E       F      G
               +--------+--------+--------+--------+--------+-----+--------+
         Total |   3007 |   2931 |     76 |      0 |   2460 |   5 |  601.4 |
       Dungeon |   2769 |   2693 |     76 |      0 |   2275 |   4 |  692.2 |
         Sewer |    238 |    238 |      0 |      0 |    185 |   1 |  238.0 |
               +--------+--------+--------+--------+--------+-----+--------+

Top non-repeatable levels by time:
     D:2: 812 daAuts
     D:1: 787 daAuts
     D:3: 723 daAuts
     D:4: 446 daAuts
   Sewer: 238 daAuts
